 Dungeon Crawl Stone Soup version 0.31-a0-145-g046c7d2549 (webtiles) character file.

Game seed: 11139307500887433912

84 mopl the Slasher (level 4, 0/26 HPs)
             Began as a Tengu Warper on June 5, 2023.
             Slain by a gnoll
             ... wielding a +0 halberd
              (3 damage)
             ... on level 3 of the Dungeon.
             The game lasted 00:03:14 (1588 turns).

mopl the Slasher (Tengu Warper)                     Turns: 1588, Time: 00:03:14

Health: 0/26       AC:  5    Str: 13    XL:     4   Next: 46%
Magic:  6/8        EV: 11    Int: 14    God:
Gold:   90         SH:  0    Dex: 13    Spells: 1/8 levels left

rFire   . . .        a - +0 falchion
rCold   . . .        (no shield)
rNeg    . . .        f - +0 ring mail
rPois   .            (helmet restricted)
rElec   .            (no cloak)
rCorr   .            (no gloves)
SInv    .            (boots unavailable)
Will    .....        (no amulet)
Stlth   +            (no ring)
HPRegen 0.24/turn    (no ring)
MPRegen 0.11/turn

%: no passive effects
@: very slightly contaminated
A: beak, talons 3
a: no special abilities


You were on level 3 of the Dungeon.
You visited 1 branch of the dungeon, and saw 3 of its levels.

You collected 90 gold pieces.

Inventory:

Hand Weapons
 a - a +0 falchion (weapon)
Missiles
 d - 7 boomerangs of dispersal
Armour
 f - a +0 ring mail (worn)
Scrolls
 c - 3 scrolls of blinking
 e - a scroll of identify {unknown}
 g - a scroll of poison {unknown}
 h - a scroll of silence {unknown}
 j - a scroll of magic mapping {unknown}
Potions
 b - a potion of ambrosia {unknown}
 i - a potion of mutation {unknown}
 k - a potion of invisibility {unknown}


   Skills:
 - Level 2.0 Fighting
 * Level 3.8 Long Blades
 - Level 1.0 Throwing
 - Level 1.1 Armour
 - Level 2.1 Dodging
 + Level 2.6 Spellcasting
 + Level 3.0 Translocations
 + Level 0.5 Air Magic


You had one spell level left.
You knew the following spells:

 Your Spells              Type           Power      Damage    Failure   Level
b - Lesser Beckoning      Tloc           20%        N/A       22%         2
d - Vhi's Electric Charg  Tloc/Air       12%        N/A       56%         3
e - Blink                 Tloc           20%        N/A       22%         2

Your spell library contained the following spells:

 Spells                   Type           Power      Damage    Failure   Level
 Teleport Other           Tloc           10%        N/A       38%         3
 Manifold Assault         Tloc           10%        N/A       80%         4
 Ozocubu's Armour         Ice            1%         N/A       82%         3
 Metabolic Englaciation   Hex/Ice        0%         N/A       100%        5
 Simulacrum               Ice/Necr       0%         N/A       100%        6


Dungeon Overview and Level Annotations

Branches:
Dungeon (3/15)

Altars:

Shops:
D:1 [   D:2 =


Innate Abilities, Weirdness & Mutations

You have a beak for a mouth.
You have claws for feet.


Message History

There is an open door here.
Things that are here:
a +0 dagger; a +0 club
Found a stone staircase leading down.
There is a stone staircase leading down here.
Done exploring.
(D) Dungeon
Where to? (Enter - D:2, ? - help)
What level of the Dungeon? (default 1, ? - help)
There is a stone staircase leading down here.
You climb downwards.
Found a stone staircase leading up.
There is a stone staircase leading up here.
A gnoll comes into view. It is wielding a +0 halberd.
The gnoll shouts!
There is a stone staircase leading up here.
There is a stone staircase leading up here.
Cast which spell? (? or * to list)
You don't know that spell.
Unknown command.
Cast which spell? (? or * to list)
You don't know that spell.
Cast which spell? (? or * to list)
Aiming: Lesser Beckoning (safe; 22% risk of failure)
Press: ? - help, Shift-Dir - straight line, f - gnoll
Aim: a gnoll, wielding a +0 halberd (100% to hit)
You miscast Lesser Beckoning.
You are very lightly contaminated with residual magic.
Nothing appears to happen.
Unknown command.
The gnoll hits you with a +0 halberd!
Ouch! That really hurt!
You are too injured to fight recklessly!
You are too injured to fight recklessly!
You barely miss the gnoll. You claw the gnoll.
The gnoll is moderately wounded.
The gnoll hits you with a +0 halberd!
* * * LOW HITPOINT WARNING * * *
The gnoll attacks as you move away! The gnoll hits you with a +0 halberd.
You die...

.#
#############...#
#..<@g..........#
#.........#......
#.........# .....
#.<.......# ....
#.........# ..#
######.#### .#
#.# # #.# #.#


You could see a gnoll.

Vanquished Creatures
  Robin (D:2)
  3 adders (D:2)
  A worm (D:2)
  A dart slug (D:1)
  4 endoplasms (D:2)
  A giant cockroach (D:2)
  7 goblins (D:2)
  9 hobgoblins
  A jackal (D:2)
  A kobold (D:2)
  3 ball pythons
  2 bats (D:2)
  2 frilled lizards (D:1)
  5 rats
41 creatures vanquished.

Notes
Turn   | Place    | Note
-------+----------+-------------------------------------------
     0 | D:1      | mopl the Tengu Warper began the quest for the Orb.
     0 | D:1      | Reached XP level 1. HP: 12/12 MP: 4/4
   200 | D:1      | Reached XP level 2. HP: 14/17 MP: 6/6
   200 | D:1      | Found Toywnagun's Armour Shop.
   204 | D:1      | Learned a level 2 spell: Blink
   207 | D:1      | Learned a level 2 spell: Lesser Beckoning
   498 | D:2      | Noticed Robin
   522 | D:2      | Reached skill level 3 in Long Blades
   544 | D:2      | Reached XP level 3. HP: 19/21 MP: 7/7
   559 | D:2      | Killed Robin
   976 | D:2      | Reached XP level 4. HP: 10/26 MP: 8/8
  1047 | D:2      | Learned a level 3 spell: Vhi's Electric Charge
  1172 | D:2      | Reached skill level 3 in Translocations
  1248 | D:2      | Found Imugatit's One-of-a-Kind Rings.
  1588 | D:3      | Slain by a gnoll

Illustrated notes

Levels and vault maps discovered:
D:1:      wander_arrival_chamber, layout_rooms, serial_shops, shop
D:2:      minmay_general_purpose_star, layout_basic,
          minmay_misc_feat_nine_boxes, nicolae_shop_unique_rings, uniq_robin
D:3:      layout_rooms, nicolae_vehumet_radiance,
          hellmonk_ecumenical_altar_watching_god, serial_shops,
          nicolae_shop_waterfront

Skill      XL: |  1  2  3  4 |
---------------+-------------+-----
Long Blades    | 3 |  3.8
Translocations | 3 |  3.0
Fighting       | |  2.0
Throwing       | |  1.0
Armour         | |  1.1
Dodging        | |  2.1
Spellcasting   | |  2.6
Air Magic      | |  0.5

Action                     |  1- 3 |  4- 6 || total
---------------------------+-------+-------++-------
  Melee: Falchion          |    95 |    14 ||   109
         Peck              |    10 |     3 ||    13
         Kick              |    17 |     2 ||    19
         Punch             |       |     1 ||     1
 Armour: Leather armour    |     3 |       ||     3
         Ring mail         |    23 |     2 ||    25
  Dodge: Dodged            |    41 |     8 ||    49

Table legend: (Time is in decaauts)
 A = Elapsed time spent in this place.
 B = Non-inter-level travel time spent in this place.
 C = Inter-level travel time spent in this place.
 D = Time resting spent in this place.
 E = Time spent auto-exploring this place.
 F = Levels seen in this place.
 G = Mean time per level.
                   A        B        C        D        E       F      G
               +--------+--------+--------+--------+--------+-----+--------+
         Total |   1602 |   1557 |     45 |    187 |   1045 |   3 |  534.0 |
       Dungeon |   1602 |   1557 |     45 |    187 |   1045 |   3 |  534.0 |
               +--------+--------+--------+--------+--------+-----+--------+

Top non-repeatable levels by time:
     D:2: 1121 daAuts
     D:1: 459 daAuts
     D:3: 21 daAuts
